 Dungeon Crawl Stone Soup version 0.23-a0-175-g97aacdb (webtiles) character file.

481 chorionicmirror the Slasher (level 6, -9/49 HPs)
             Began as a Demonspawn Gladiator on Sept 17, 2018.
             Mangled by an ogre
             ... wielding a +0 giant club
              (24 damage)
             ... on level 4 of the Dungeon.
             The game lasted 00:14:19 (3790 turns).

chorionicmirror the Slasher (Demonspawn Gladiator)  Turns: 3790, Time: 00:14:19

Health: -9/49      AC:  4    Str: 16    XL:     6   Next: 87%
Magic:  6/6        EV: 12    Int:  9    God:
Gold:   184        SH:  4    Dex: 15    Spells: 5/5 levels left

rFire    . . .     SeeInvis .   a - +1 long sword
rCold    . . .     Gourm    .   m - +0 buckler
rNeg     . . .     Faith    .   b - +0 leather armour
rPois    +         Spirit   .   c - +0 helmet
rElec    .         Reflect  .   (no cloak)
rCorr    .         Harm     .   (no gloves)
MR       .....                  (no boots)
Stlth    ++........             (no amulet)
HPRegen  0.16/turn              p - ring of poison resistance
MPRegen  0.10/turn              o - ring of stealth

@: no status effects
A: hooves 1, powered by death 1
a: no special abilities


You were on level 4 of the Dungeon.
You were not hungry.

You visited 1 branch of the dungeon, and saw 4 of its levels.

You collected 184 gold pieces.

Inventory:

Hand Weapons
 a - a +1 long sword (weapon)
Missiles
 d - 3 throwing nets (quivered)
Armour
 b - a +0 leather armour (worn)
 c - a +0 helmet (worn)
 m - a +0 buckler (worn)
Jewellery
 e - an uncursed ring of ice
 o - a ring of stealth (right hand)
 p - a ring of poison resistance (left hand)
Wands
 n - a wand of flame (20)
Scrolls
 g - 2 scrolls of enchant weapon
 j - 4 scrolls of remove curse
 k - 2 scrolls of magic mapping
Potions
 h - 3 potions of heal wounds
 i - a potion of lignification
 l - a potion of haste
 r - 3 potions of curing
 s - 2 potions of brilliance
Comestibles
 f - 8 rations


   Skills:
 + Level 4.4 Fighting
 - Level 5.7 Long Blades
 - Level 1.7 Throwing
 - Level 3.0 Dodging
 * Level 1.3 Shields


You had 5 spell levels left.
You didn't know any spells.
Your spell library was empty.

Dungeon Overview and Level Annotations

Branches:
Dungeon (4/15)
 Temple: D:4-7

Altars:
Fedhas
Gozag
Nemelex Xobeh
Sif Muna
Vehumet
Zin


Innate Abilities, Weirdness & Mutations

You have large cloven feet.
You regenerate a little health from kills.


Message History

You barely miss the ogre. You kick the ogre.
The ogre is heavily wounded.
The ogre hits you with a giant club!!
You barely miss the ogre. Your kick misses the ogre.
The ogre is heavily wounded.
The ogre barely misses you.
You riposte.
You hit the ogre. You kick the ogre, but do no damage.
The ogre is heavily wounded.
Your shield prevents you from hitting the ogre.
The ogre is heavily wounded.
The ogre hits you with a giant club!
* * * LOW HITPOINT WARNING * * *
You open the door.
There is an open door here.
There is a stone staircase leading up here.
There is an open door here.
You see here a giant spiked club.
There is an open door here.
The ogre hits you with a giant club!!
You die...

.# #.............#....#. .#
#.............'....#.
.############.............#######
...............##'##+#.........
...............#.....#...........
...............#.....+...........
....(..........#.....#)..........
...............#..####...........
#....######....#@<#....########..
#....# #....#.O#....#...... ..
#....# #....#..'....#..... ..
#....# #....#..#....#.... ..
#....# #....#..#....#... ..
#....#### #....####....#..# ..
#....#..######.........#..## #+
#....#...#...#.........#...#
#....'...#...'.........'...#


You could see an ogre.

Vanquished Creatures
  An ogre (D:4)
  2 howler monkeys (D:4)
  A hound (D:4)
  A jelly (D:2)
  A worker ant (D:4)
  2 hound skeletons (D:4)
  3 gnolls (D:3)
  8 adders
  An ooze (D:3)
  4 worms (D:2)
  2 dart slugs
  12 orcs
  2 bats
  2 giant cockroaches (D:3)
  8 goblins
  10 hobgoblins
  8 jackals
  7 kobolds
  3 quokkas
  A ball python (D:2)
  9 frilled lizards
  4 rats
92 creatures vanquished.

Notes
Turn   | Place    | Note
-------+----------+-------------------------------------------
     0 | D:1      | chorionicmirror the Demonspawn Gladiator began the quest
                  | for the Orb.
     0 | D:1      | Reached XP level 1. HP: 16/16 MP: 1/1
    86 | D:1      | Reached skill level 3 in Long Blades
   102 | D:1      | Gained mutation: You have large cloven feet. [demonic
                  | ancestry]
   102 | D:1      | Reached XP level 2. HP: 18/22 MP: 2/2
   664 | D:2      | Reached XP level 3. HP: 16/28 MP: 3/3
  1273 | D:2      | Reached XP level 4. HP: 28/34 MP: 4/4
  1277 | D:2      | Found a blossoming altar of Fedhas.
  1320 | D:2      | Reached skill level 4 in Long Blades
  1946 | D:2      | Found a deep blue altar of Sif Muna.
  1951 | D:2      | Found a sparkling altar of Nemelex Xobeh.
  2232 | D:3      | Gained mutation: You regenerate a little health from kills.
                  | [demonic ancestry]
  2232 | D:3      | Reached XP level 5. HP: 26/41 MP: 5/5
  2307 | D:3      | Found a blossoming altar of Fedhas.
  2753 | D:3      | Reached skill level 5 in Long Blades
  3105 | D:4      | Noticed an ogre
  3163 | D:4      | Found a radiant altar of Vehumet.
  3188 | D:4      | Reached XP level 6. HP: 35/48 MP: 6/6
  3621 | D:4      | Found a glowing silver altar of Zin.
  3622 | D:4      | Found an opulent altar of Gozag.
  3627 | D:4      | Reached skill level 1 in Shields
  3790 | D:4      | Mangled by an ogre

Vault maps used:
D:1:      lemuel_arrival_room
D:2:      minitemple, roderic_lattice_a
D:3:      serial_forest, infiniplex_forest_clump_double,
          infiniplex_forest_lined_ring, infiniplex_forest_clump_C,
          infiniplex_forest_end_2, infiniplex_forest_corner_2, first_ration,
          fedhas_altar_2
D:4:      cheibrodos_quashed, grunt_temple_overflow_gold_and_silver,
          vehumet_altar_wand_db

Skill      XL: |  1  2  3  4  5  6 |
---------------+-------------------+-----
Long Blades    | 3 4 5 |  5.7
Dodging        | 3 |  3.0
Fighting       | 3 4 |  4.4
Shields        | 1 |  1.3
Throwing       | |  1.7

Action                   |  1- 3 |  4- 6 || total
-------------------------+-------+-------++-------
Melee: Long sword        |    74 |   141 ||   215
       Kick              |    22 |    55 ||    77
Evoke: Wand              |       |     5 ||     5
  Use: Scroll            |     3 |    10 ||    13
 Stab: Sleeping          |       |     5 ||     5
  Eat: Ration            |     1 |     1 ||     2
       Chunk             |       |     3 ||     3
Armor: Leather armour    |    19 |    21 ||    40
Dodge: Dodged            |    57 |    87 ||   144
Block: Buckler           |       |     5 ||     5
       Rpst.: Long sword |    26 |    30 ||    56

Table legend:
 A = Non-vault XP
 B = Vault XP
 C = Vault XP percentage of total XP
 D = Non-vault monster count
 E = Vault monster count
 F = Vault count percentage of total count
                 A         B        C        D         E       F
            +---------+---------+-------+---------+---------+-------
      Total |     687 |       1 |   0.1 |      91 |       1 |   1.1
            +---------+---------+-------+---------+---------+-------
        D:1 |      32 |       0 |   0.0 |      17 |       0 |   0.0
        D:2 |     160 |       0 |   0.0 |      30 |       0 |   0.0
        D:3 |     136 |       0 |   0.0 |      30 |       0 |   0.0
        D:4 |     359 |       1 |   0.3 |      14 |       1 |   6.7
            +---------+---------+-------+---------+---------+-------
